 Dungeon Crawl Stone Soup version 0.21.0-24-g2553a33 (webtiles) character file.

252 mopl the Vexing (level 5, -1/35 HPs)
             Began as a Mummy Enchanter on Jan 19, 2018.
             Was an Initiate of Ashenzari.
             Slain by a gnoll
             ... wielding a +0 club
              (7 damage)
             ... on level 4 of the Dungeon.
             The game lasted 00:09:34 (3901 turns).

mopl the Vexing (Mummy Enchanter)                   Turns: 3901, Time: 00:09:35

Health: -1/35      AC:  5    Str: 12    XL:     5   Next: 89%
Magic:  3/9        EV: 12    Int: 14    God:    Ashenzari [......]
Gold:   190        SH:  0    Dex: 13    Spells: 1/10 levels left

rFire    x . .     SeeInvis .   a - +3 dagger (protect)
rCold    + . .     Gourm    .   (no shield)
rNeg     + + +     Faith    .   i - +0 robe
rPois    ∞         Spirit   .   m - +0 helmet
rElec    .         Reflect  .   s - +0 cloak
rCorr    +         Harm     .   p - +0 pair of gloves
MR       .....                  (no boots)
Stlth    +++.......             (no amulet)
HPRegen  0.11/turn              e - ring of resist corrosion
MPRegen  0.11/turn              (no ring)

@: very slightly contaminated
A: no food or potions, fire vulnerability, cold resistance 1, negative energy
resistance 3, torment resistance, unbreathing
a: Curse Item, Renounce Religion


You were on level 4 of the Dungeon.
You worshipped Ashenzari.
Ashenzari was noncommittal.
You were not hungry.

You visited 2 branches of the dungeon, and saw 5 of its levels.

You collected 190 gold pieces.

Inventory:

Hand Weapons
 a - a +3 dagger of protection (weapon)
 b - a +0 vampiric dagger
 t - a +3 quarterstaff of chaos
Missiles
 d - 126 stones (quivered)
Armour
 i - a +0 robe (worn)
 l - a +0 shield
 m - a +0 helmet (worn)
 p - a +0 pair of gloves (worn)
 s - a +0 cloak (worn)
Jewellery
 e - a ring of resist corrosion (left hand)
 o - an uncursed ring of fire
Wands
 q - a wand of polymorph (13)
Scrolls
 f - 3 scrolls of identify
 j - 2 scrolls of amnesia
 k - 2 scrolls of remove curse
Books
 c - a book of Maledictions

   Spells                             Type                      Level
   a - Corona                         Hexes                        1
   b - Ensorcelled Hibernation        Hexes/Ice                    2
   c - Confuse                        Hexes                        3
   d - Tukima's Dance                 Hexes                        3
   e - Dazzling Spray                 Conjuration/Hexes            3
 r - a book of Cantrips

   Spells                             Type                      Level
   a - Confusing Touch                Hexes                        1
   b - Animate Skeleton               Necromancy                   1
   c - Summon Small Mammal            Summoning                    1
   d - Apportation                    Translocation                1


   Skills:
 - Level 0.7 Short Blades
 - Level 1.5 Dodging
 * Level 4.0 Stealth
 + Level 3.1 Spellcasting
 * Level 4.3 Hexes
 + Level 0.3 Necromancy
 + Level 1.6 Ice Magic


You had one spell level left.
You knew the following spells:

 Your Spells              Type           Power        Failure   Level  Hunger
b - Ensorcelled Hibernat  Hex/Ice        ##....       10%         2    N/A
c - Confuse               Hex            ##......     11%         3    N/A
d - Tukima's Dance        Hex            ##......     11%         3    N/A
x - Animate Skeleton      Necr           N/A          19%         1    N/A

Dungeon Overview and Level Annotations

Branches:
Dungeon (4/15)             Temple (1/1) D:4

Altars:
Ashenzari
Cheibriados
Elyvilon
Gozag
Hepliaklqana
Makhleb
Okawaru
Qazlal
Ru
Sif Muna
Trog
Uskayaw
Vehumet
Wu Jian
Xom
Yredelemnul
Zin
The Shining One

Portals:
Sewer: D:4

Annotations:
D:3 dig


Innate Abilities, Weirdness & Mutations

You do not eat or drink.
Your flesh is vulnerable to fire.
You are immune to poison.
Your flesh is cold resistant. (rC+)
You are immune to negative energy. (rN+++)
You are immune to unholy pain and torment.
You can survive without breathing.


Message History

It was a scroll of noise.
As you read the scroll labeled WETOEL ESAATEEDO, it crumbles to dust.
The scroll dissolves into smoke.
It was a scroll of fog.
The gnoll hits you but does no damage.
You hear the brisk rusting of a drain nearby.
There is an open door here.
The worm seems to regain its courage.
The gnoll barely misses you.
There is a fountain of sparkling water here.
The worm bites you!
* * * LOW HITPOINT WARNING * * *
There is an open door here.
Casting: Ensorcelled Hibernation
Confirm with . or Enter, or press ? or * to list all spells.
Aiming: Ensorcelled Hibernation
Press: ? - help, Shift-Dir - straight line, f - gnoll
Aim: a gnoll, wielding a club (chance to defeat MR: 50%)
You miscast Ensorcelled Hibernation.
You are very lightly contaminated with residual magic.
Strange energies run through your body. The gnoll hits you with a club!
You die...

.# #####.####
........#
##.....#.###..
'.............
#####.............
.#.........≈≈≈.....
#.#.####...≈≈≈≈≈...+
# #.#@# #...≈≈∩≈≈..#
#. #.#g#
#...≈≈≈≈≈..#. #.#+#
#.#.# ##)..≈≈≈.....
#.... #.#O#
#...........
#....####.#.#
#...........
.#.........#.#
##gO.#.......
.#.#..$......#
#g.g..##..... ##+#.#
####.###### #.†..g+
..... .....# #.#
#.....# ###.


You could see an ogre and a gnoll.

Vanquished Creatures
  A crimson imp (D:3)
  Ijyb (D:3)
  An orc wizard (D:3)
  4 adders
  2 oozes
  4 worms
  2 dart slugs (D:1)
  3 leopard geckos
  4 orcs
  A ball python (D:4)
  2 giant cockroaches (D:1)
  16 goblins
  8 hobgoblins
  2 quokkas (D:3)
  12 bats
  3 frilled lizards
  4 kobolds
  12 rats
82 creatures vanquished.

Vanquished Creatures (collateral kills)
  Crazy Yiuf (D:3)
1 creature vanquished.

Vanquished Creatures (others)
  A dancing weapon (D:4)
1 creature vanquished.

Grand Total: 84 creatures vanquished

Notes
Turn   | Place    | Note
-------+----------+-------------------------------------------
     0 | D:1      | mopl the Mummy Enchanter began the quest for the Orb.
     0 | D:1      | Reached XP level 1. HP: 13/13 MP: 4/4
   379 | D:1      | Reached XP level 2. HP: 16/19 MP: 5/5
   384 | D:1      | Learned a level 2 spell: Ensorcelled Hibernation
   400 | D:1      | Reached skill level 3 in Hexes
   715 | D:1      | Reached skill level 3 in Spellcasting
   959 | D:1      | Reached XP level 3. HP: 21/24 MP: 4/7
   964 | D:1      | Learned a level 3 spell: Confuse
  1142 | D:1      | Reached skill level 3 in Stealth
  1635 | D:2      | Reached XP level 4. HP: 16/30 MP: 3/8
  1640 | D:2      | Learned a level 3 spell: Tukima's Dance
  1774 | D:2      | Reached skill level 1 in Ice Magic
  2471 | D:3      | Noticed Ijyb
  2483 | D:3      | Killed Ijyb
  2530 | D:3      | Reached skill level 4 in Hexes
  2530 | D:3      | Reached XP level 5. HP: 35/35 MP: 9/9
  3005 | D:3      | Found a glowing silver altar of Zin.
  3137 | D:3      | Learned a level 1 spell: Animate Skeleton
  3198 | D:3      | Reached skill level 4 in Stealth
  3349 | D:3      | Found a glowing golden altar of the Shining One.
  3541 | D:3      | Found a runed door.
  3545 | D:3      | Noticed Crazy Yiuf
  3550 | D:3      | Killed Crazy Yiuf
  3656 | D:4      | Found a staircase to the Ecumenical Temple.
  3661 | Temple   | Entered the Ecumenical Temple
  3757 | Temple   | Became a worshipper of Ashenzari the Shackled
  3797 | D:4      | Found a glowing drain.
  3806 | D:4      | Noticed an ogre
  3901 | D:4      | Slain by a gnoll

Skill      XL: |  1  2  3  4  5 |
---------------+----------------+-----
Hexes          | 3 4 |  4.3
Spellcasting   | 3 |  3.1
Stealth        | 3 4 |  4.0
Ice Magic      | 1 |  1.6
Short Blades   | |  0.7
Dodging        | |  1.5
Necromancy     | |  0.3

Action                   |  1- 3 |  4- 6 || total
-------------------------+-------+-------++-------
Melee: Dagger            |   180 |   116 ||   296
 Cast: Corona            |     6 |       ||     6
       Ensorcelled Hiber |    20 |    19 ||    39
       Confuse           |       |     4 ||     4
       Tukima's Dance    |       |     2 ||     2
       Animate Skeleton  |       |     1 ||     1
  Use: Scroll            |       |     6 ||     6
 Stab: Sleeping          |    13 |    15 ||    28
       Confused          |       |     1 ||     1
Armor: Robe              |    64 |    46 ||   110
Dodge: Dodged            |   148 |    86 ||   234
